Map: Eternal Empire LE

Players

Scarlett - Winner!

  • Race: Zerg Zerg
  • Spawn Location: 1:00

Lambo

  • Race: Zerg Zerg
  • League: Master
  • Spawn Location: 7:00

VOD

Have the link to the VOD?

Description

Time

  • Played on: Jan. 14, 2020, 12:27 p.m.
  • Length: 10:38
Show
View Real Time Build Order
Export as new Build Order

Scarlett Zerg - Winner!

Build Orders: Hatch First 

Get SALT Encoding   

  12  0:00  Drone  
  13  0:12  Overlord  
  13  0:18  Drone  
  14  0:31  Drone x2  
  16  0:48  Hatchery  
  15  0:51  Drone  
  15  0:55  Drone  
  17  0:58  Drone  
  18  1:09  Extractor  
  17  1:13  Spawning Pool  
  17  1:17  Drone  
  17  1:20  Drone  
  18  1:28  Drone  
  19  1:39  Drone  
  20  1:49  Drone  
  21  2:00  Queen x2  
  21  2:01  Drone, Overlord  
  26  2:09  Metabolic Boost  
  26  2:10  Drone  
  26  2:12  Drone  
  28  2:22  Zergling x4  
  30  2:33  Hatchery  
  29  2:37  Drone x2  
  29  2:44  Drone x2  
  33  2:54  Overlord  
  33  3:00  Baneling Nest  
  33  3:01  Drone  
  33  3:06  Zergling x2, Drone  
  33  3:11  Drone  
  40  3:12  Drone x4  
  40  3:15  Zergling x2  
  41  3:22  Evolution Chamber  
  41  3:24  Drone x2  
  42  3:34  Overlord  
  42  3:35  Drone  
  43  3:41  Drone  
  43  3:43  Extractor  
  43  3:44  Lair  
  43  3:45  Extractor  
  43  3:47  Drone x4  
  46  3:51  Zerg Melee Weapons Level 1  
  46  3:53  Drone  
  47  3:57  Baneling  
  47  4:00  Zergling x2  
  47  4:01  Drone x4  
  52  4:06  Baneling  
  52  4:07  Queen  
  54  4:11  Baneling  
  54  4:13  Zergling x4  
  54  4:15  Drone x2  
  58  4:25  Overlord  
  57  4:34  Overlord  
  57  4:36  Roach Warren  
  56  4:43  Spire, Drone x2  
  56  4:44  Extractor  
  56  4:46  Drone  
  56  4:47  Drone x6  
  56  4:51  Drone  
  56  4:52  Drone  
  65  4:56  Overseer, Overlord  
  65  4:58  Drone x2  
  67  5:00  Extractor x2  
  65  5:09  Drone x4  
  67  5:19  Drone  
  67  5:20  Drone x6  
  74  5:23  Overlord x2  
  74  5:25  Zergling x4  
  76  5:30  Drone, Overlord  
  76  5:34  Drone  
  78  5:38  Overlord  
  78  5:47  Hatchery  
  77  5:54  Mutalisk x5  
  87  5:58  Zerg Flyer Weapons Level 1  
  87  6:00  Zerg Melee Weapons Level 2  
  87  6:02  Drone  
  88  6:05  Mutalisk x2  
  92  6:11  Drone  
  92  6:12  Mutalisk x2  
  96  6:19  Mutalisk  
  96  6:21  Unknown  
  96  6:22  Drone x2  
  96  6:23  Drone  
  96  6:24  Drone x2  
  102  6:25  Mutalisk  
  102  6:27  Zergling x2  
  102  6:28  Zergling x6  
  106  6:36  Mutalisk x2  
  108  6:40  Zergling x12  
  114  6:48  Hatchery  
  113  6:56  Overlord x4  
  113  6:58  Queen  
  113  7:00  Overlord  
  115  7:07  Mutalisk x2  
  118  7:09  Mutalisk  
  118  7:10  Overlord  
  120  7:18  Mutalisk x4  
  120  7:21  Zergling x8  
  132  7:24  Mutalisk  
  132  7:26  Mutalisk  
  132  7:28  Zergling x6  
  139  7:31  Mutalisk  
  139  7:33  Zergling x6  
  139  7:35  Mutalisk  
  146  7:37  Overlord  
  142  7:54  Overlord x2  
  134  7:59  Mutalisk x5  
  134  8:03  Zergling x2  
  134  8:04  Zergling x16  
  135  8:06  Queen  
  129  8:13  Zergling x6  
  129  8:17  Queen  
  133  8:25  Drone  
  133  8:26  Mutalisk  
  133  8:27  Mutalisk x4  
  141  8:34  Extractor  
  141  8:35  Drone x3  
  141  8:37  Extractor  
  141  8:38  Drone x3  
  145  8:44  Mutalisk x2  
  149  8:49  Overlord  
  149  8:50  Overlord  
  149  8:51  Overlord  
  149  8:52  Overlord  
  149  9:01  Mutalisk x4  
  157  9:09  Mutalisk x2  
  161  9:10  Zergling x2  
  161  9:11  Zergling x6  
  161  9:14  Mutalisk  
  160  9:24  Mutalisk x3  
  160  9:29  Zergling x16  
  165  9:33  Mutalisk  
  165  9:36  Mutalisk  
  165  9:37  Mutalisk  
  171  9:38  Mutalisk  
  171  9:41  Zergling x2  
  171  9:42  Zergling x4  
  176  9:47  Mutalisk x2  
  176  9:51  Zergling x8  
  183  9:53  Mutalisk  
  183  9:56  Mutalisk  
  183  9:57  Mutalisk  
  189  10:08  Mutalisk x3  
  189  10:09  Overlord  
  189  10:12  Zergling x6  
  197  10:18  Overlord x2  
Show
View Real Time Build Order
Export as new Build Order

Lambo Zerg 

Build Orders: Hatch First 

Get SALT Encoding   

  12  0:00  Drone  
  13  0:13  Overlord  
  13  0:17  Drone  
  14  0:32  Drone x2  
  16  0:47  Hatchery  
  15  0:51  Drone  
  15  0:55  Drone  
  17  0:58  Drone  
  18  1:08  Extractor  
  17  1:13  Spawning Pool  
  17  1:16  Drone  
  17  1:20  Drone  
  18  1:29  Drone  
  19  1:39  Drone  
  20  1:52  Drone  
  21  1:59  Queen x2  
  21  2:00  Zergling x2  
  26  2:01  Overlord  
  26  2:08  Metabolic Boost  
  26  2:10  Drone  
  26  2:12  Drone  
  28  2:21  Drone  
  30  2:22  Drone  
  30  2:33  Hatchery  
  29  2:37  Drone  
  29  2:39  Drone  
  29  2:43  Drone  
  32  2:49  Baneling Nest  
  31  2:53  Overlord  
  31  2:55  Drone  
  31  2:56  Drone  
  33  3:04  Zergling x2  
  34  3:09  Drone x2  
  36  3:13  Zergling x4, Drone  
  36  3:15  Zergling x2  
  36  3:19  Queen  
  40  3:21  Overlord  
  40  3:25  Drone  
  43  3:29  Drone  
  43  3:30  Evolution Chamber  
  43  3:35  Drone  
  43  3:40  Drone  
  45  3:42  Drone x2  
  45  3:43  Drone x3  
  45  3:47  Overlord  
  50  3:49  Drone  
  50  3:52  Drone  
  52  3:56  Drone x2  
  52  3:57  Zerg Missile Weapons Level 1  
  52  4:02  Drone  
  55  4:05  Lair  
  55  4:07  Extractor, Drone  
  55  4:08  Extractor  
  55  4:09  Drone  
  55  4:14  Drone x4  
  59  4:18  Drone  
  59  4:20  Drone  
  62  4:24  Drone  
  62  4:26  Roach Warren  
  62  4:29  Drone  
  62  4:30  Drone  
  62  4:35  Pneumatized Carapace  
  62  4:38  Drone x3  
  65  4:40  Overlord  
  65  4:45  Overlord  
  65  4:48  Overlord  
  65  4:49  Overlord  
  65  4:54  Overlord  
  65  4:56  Drone  
  66  5:01  Baneling x2  
  66  5:02  Zergling x6  
  66  5:05  Drone x2  
  71  5:09  Drone x2  
  71  5:11  Extractor  
  71  5:12  Spire  
  71  5:13  Drone  
  71  5:14  Extractor x2  
  70  5:16  Overseer  
  70  5:17  Drone x5  
  70  5:18  Drone x3  
  70  5:19  Drone  
  78  5:22  Drone  
  78  5:25  Glial Reconstitution  
  78  5:26  Drone x2  
  81  5:39  Overlord  
  81  5:42  Hatchery  
  80  5:47  Roach, Overlord  
  80  5:48  Roach x3  
  88  5:54  Roach x2  
  88  5:55  Overlord  
  88  5:56  Overlord  
  92  5:59  Overlord  
  92  6:02  Overlord  
  92  6:03  Overlord  
  92  6:04  Overlord  
  92  6:07  Overlord  
  92  6:09  Drone  
  93  6:14  Drone  
  93  6:15  Spore Crawler  
  90  6:26  Spore Crawler  
  90  6:28  Corruptor x5  
  90  6:29  Corruptor  
  101  6:33  Corruptor  
  101  6:37  Corruptor  
  103  6:42  Corruptor  
  105  6:48  Corruptor  
  107  6:54  Corruptor  
  107  6:56  Zergling x8  
  107  6:57  Roach  
  115  7:05  Corruptor  
  115  7:07  Zergling x4  
  115  7:08  Zergling x6  
  119  7:11  Corruptor  
  121  7:16  Corruptor  
  121  7:18  Zergling x6  
  126  7:23  Corruptor  
  126  7:25  Zergling x12, Roach  
  126  7:29  Roach  
  138  7:32  Roach  
  140  7:38  Roach  
  142  7:50  Roach  
  138  7:57  Roach x4  
  131  8:03  Roach x2  
  115  8:13  Corruptor x5  
  123  8:21  Corruptor  
  123  8:25  Corruptor  
  113  8:29  Corruptor  
  113  8:30  Spore Crawler x2  
  111  8:36  Queen  
  111  8:37  Corruptor, Queen x2  
  111  8:41  Corruptor  
  119  8:43  Zergling x12  
  127  8:49  Corruptor  
  127  8:54  Roach x2  
  133  8:56  Roach x3  
  133  8:59  Roach x2  
  140  9:04  Baneling x3  
  140  9:06  Roach  
  142  9:12  Extractor  
  142  9:14  Corruptor  
  147  9:22  Roach x5  
  153  9:31  Corruptor  
  152  9:38  Drone x2  
  156  9:40  Corruptor  
  156  9:43  Baneling  
  156  9:44  Baneling x2  
  154  9:53  Corruptor  
  154  9:55  Corruptor, Hatchery  
  154  9:57  Zergling x2  
  154  9:58  Zergling x8  
  162  10:02  Roach  
  161  10:08  Hatchery, Overlord  
Tags
 
Add a new tag
Caveats
  • Supply blocks, unpowered buildings, or Contaminate may cause inaccurate times.
  • Supply counts are checked every 10 seconds.